 Dungeon Crawl Stone Soup version 0.30-a0-728-gc68057be0a (webtiles) character file.

Game seed: 12486625958951689229

2582 BigDaddyOpFi the Shield-Bearer (level 9, -7/64 HPs)
             Began as an Octopode Fighter on Jan 31, 2023.
             Mangled by a yak (10 damage)
             ... on level 8 of the Dungeon.
             The game lasted 00:05:56 (7580 turns).

BigDaddyOpFi the Shield-Bearer (Octopode Fighter)   Turns: 7580, Time: 00:05:57

Health: -7/64      AC:  1    Str: 19    XL:     9   Next: 58%
Magic:  18/18      EV: 20    Int: 11    God:
Gold:   302        SH:  9    Dex: 29    Spells: 8/8 levels left

rFire   . . .      SeeInvis .    o - +3 hand axe (freeze)
rCold   + . .      Faith    .    b - +1 buckler
rNeg    . . .      Spirit   .    (helmet restricted)
rPois   .          Reflect  .    j - amulet of regeneration
rElec   .          Harm     .    f - ring of willpower
rCorr   +          Rampage  .    g - ring of protection from cold
Will    +....                    l - +6 ring of dexterity
Stlth   +++                      u - +6 ring of dexterity
HPRegen 1.10/turn                x - +6 ring of dexterity
MPRegen 0.16/turn                D - ring of magical power
                                 G - ring of resist corrosion
                                 (no ring)

@: no status effects
A: almost no armour, amphibious, 8 rings, camouflage 1, gelatinous body 1,
(nimble swimmer 1), tentacles
a: no special abilities


You were on level 8 of the Dungeon.
You visited 1 branch of the dungeon, and saw 8 of its levels.

You collected 302 gold pieces.

Inventory:

Hand Weapons
 a - a +0 war axe
 o - a +3 hand axe of freezing (weapon)
 E - a +4 quarterstaff of chaos
Armour
 b - a +1 buckler (worn)
Jewellery
 f - a ring of willpower (left tentacle)
 g - a ring of protection from cold (right tentacle)
 j - an amulet of regeneration (around mantle)
 l - a +6 ring of dexterity (on tentacle)
 u - a +6 ring of dexterity (on tentacle)
 x - a +6 ring of dexterity (on tentacle)
 D - a ring of magical power (on tentacle)
 G - a ring of resist corrosion (on tentacle)
Wands
 A - a wand of charming (14) (quivered)
Scrolls
 d - 5 scrolls of identify
 h - 5 scrolls of teleportation
 k - a scroll of fog
 p - 3 scrolls of enchant weapon
 t - 3 scrolls of blinking
 w - 3 scrolls of vulnerability {unknown}
 y - 3 scrolls of noise
 F - a scroll of amnesia {unknown}
Potions
 c - 2 potions of might
 e - a potion of mutation {unknown}
 i - 4 potions of flight
 m - 2 potions of lignification {unknown}
 n - 2 potions of heal wounds {unknown}
 q - a potion of brilliance {unknown}
 r - a potion of ambrosia {unknown}
 s - 4 potions of curing {unknown}
 v - a potion of haste {unknown}
 z - a potion of resistance {unknown}
 B - a potion of attraction {unknown}
 C - 3 potions of degeneration {unknown}


   Skills:
 + Level 7.0 Fighting
 + Level 6.7 Axes
 + Level 7.0 Dodging
 + Level 7.0 Shields


You had 8 spell levels left.
You didn't know any spells.
Your spell library contained the following spells:

 Spells                   Type           Power      Damage    Failure   Level
 Magic Dart               Conj           0%         1d3       41%         1
 Sting                    Tmut/Pois      0%         1d3       41%         1
 Blink                    Tloc           0%         N/A       56%         2
 Lesser Beckoning         Tloc           0%         N/A       56%         2
 Momentum Strike          Conj/Tloc      0%         3d8       56%         2
 Poisonous Vapours        Pois/Air       0%         N/A       56%         2
 Searing Ray              Conj           0%         2d4       56%         2
 Portal Projectile        Hex/Tloc       0%         N/A       80%         3
 Tukima's Dance           Hex            0%         N/A       80%         3
 Fulminant Prism          Conj/Hex       0%         3d5       99%         4
 Olgreb's Toxic Radiance  Pois           0%         N/A       99%         4
 Blade Hands              Tmut           0%         N/A       100%        5


Dungeon Overview and Level Annotations

Branches:
Dungeon (8/15)             Temple (0/1) D:7
   Lair: D:8-11

Altars:
Vehumet

Annotations:
D:5 3 runed translucent doors, Hubris850's ghost, novice TeSu; Valagong's ghost, amateur MiFi; browni3141's ghost, amateur HuEE; lilitu's ghost, novice MiFi


Innate Abilities, Weirdness & Mutations

You cannot wear most types of armour.
You are amphibious.
You can wear up to eight rings at the same time.
Your skin changes colour to match your surroundings (Stealth+).
Your rubbery body absorbs attacks. (AC +1, EV +1)
((You are camouflaged when in or above water. (Stealth+)))
You have tentacles for arms and can constrict up to eight enemies at once.


Message History

You see here a yak corpse.
You hit the yak. You freeze the yak.
The yak is lightly wounded.
You hit the yak but do no damage. You hit the yak. You freeze the yak.
The yak closely misses you. You block the yak's attack.
The yak closely misses you.
You hit the yak. You freeze the yak.
The yak is moderately wounded.
You hit the yak. You freeze the yak. You slash the yak! You freeze the yak.
You block the yak's attack. The yak closely misses you. The yak gores you.
You hit the yak. You freeze the yak.
The yak is heavily wounded.
You hit the yak. You freeze the yak. You barely miss the yak.
You block the yak's attack. The yak completely misses you.
The yak barely misses you.
You hit the yak. You freeze the yak.
The yak is severely wounded.
You hit the yak. You freeze the yak. You hit the ice beast but do no damage.
You hit the yak. You freeze the yak. The yak barely misses you.
You block the yak's attack. The ice beast closely misses you.
The yak gores you.
You completely miss the ice beast. You squeeze the ice beast!
The ice beast is moderately wounded.
You hit the yak. You freeze the yak. You hit the yak but do no damage.
You closely miss the yak. You block the yak's attack.
The yak barely misses you. The ice beast hits you. The ice beast freezes you.
You resist. The yak misses you.
You hit the ice beast.
The ice beast is moderately wounded.
You barely miss the yak. You hit the yak. You freeze the yak. You hit the yak.
You freeze the yak.
You kill the yak!
The yak gores you!
* * * LOW HITPOINT WARNING * * *
The ice beast hits you.
* * * LOW HITPOINT WARNING * * *
The ice beast freezes you. You resist.
* * * LOW HITPOINT WARNING * * *
The yak gores you!
You die...

#.#o.........>
..........#.# .
............. ..
.........#.#
#.##..#....#.# #
..........#.# ..#
#..#...##Y##....#
#####.))..YY@Y!......
.......)...##Y.......
#######....#####.##.#
# #....# #
#.#######....####
.................
#.)..............
.#.........#####
######.........).


You could see 4 yaks and an ice beast.

Vanquished Creatures
  2 yaks (D:8)
  2 water moccasins
  An ice beast (D:6)
  An orc warrior (D:6)
  2 black bears
  4 centaurs
  An ogre (D:6)
  2 phantoms
  A kobold brigand (D:7)
  2 bullfrogs (D:7)
  A gnoll sergeant (D:6)
  2 necrophages (D:5)
  2 howler monkeys
  4 orc priests
  A jelly (D:5)
  Crazy Yiuf (D:6)
  2 hounds
  5 iguanas
  A gnoll bouda (D:5)
  4 orc wizards (D:6)
  11 gnolls
  10 adders
  A shadow imp (D:8)
  2 white imps
  3 worms
  2 dart slugs (D:2)
  23 orcs
  9 ball pythons
  8 endoplasms
  2 giant cockroaches (D:1)
  9 goblins
  10 hobgoblins
  14 jackals
  8 kobolds
  5 quokkas
  7 bats
  3 frilled lizards (D:1)
  2 rats (D:1)
170 creatures vanquished.

Vanquished Creatures (others)
  A fungus (D:6)
  A plant (D:1)
  2 withered plants (D:5)
4 creatures vanquished.

Grand Total: 174 creatures vanquished

Notes
Turn   | Place    | Note
-------+----------+-------------------------------------------
     0 | D:1      | BigDaddyOpFi the Octopode Fighter began the quest for the
                  | Orb.
     0 | D:1      | Reached XP level 1. HP: 16/16 MP: 1/1
    82 | D:1      | Reached XP level 2. HP: 21/21 MP: 2/2
   266 | D:1      | Reached XP level 3. HP: 22/26 MP: 3/3
   294 | D:1      | Found a faded altar of an unknown god.
   958 | D:2      | Reached XP level 4. HP: 30/31 MP: 4/4
  1066 | D:2      | Found a radiant altar of Vehumet.
  1362 | D:3      | Reached XP level 5. HP: 12/37 MP: 5/5
  2331 | D:4      | Reached XP level 6. HP: 38/43 MP: 6/6
  3148 | D:5      | Entered Level 5 of the Dungeon
  3352 | D:5      | Reached XP level 7. HP: 49/49 MP: 7/7
  3354 | D:5      | Found a runed translucent gate.
  3354 | D:5      | Found a runed translucent gate.
  3354 | D:5      | Found a runed translucent gate.
  3357 | D:5      | Noticed lilitu's ghost (novice MiFi)
  3357 | D:5      | Noticed Valagong's ghost (amateur MiFi)
  3358 | D:5      | Noticed Hubris850's ghost (novice TeSu)
  3358 | D:5      | Noticed browni3141's ghost (amateur HuEE)
  3844 | D:5      | Reached skill level 5 in Fighting
  3844 | D:5      | Reached skill level 5 in Dodging
  3844 | D:5      | Reached skill level 5 in Shields
  4113 | D:6      | Reached XP level 8. HP: 17/55 MP: 8/8
  4115 | D:6      | Reached skill level 5 in Axes
  5940 | D:6      | Reached XP level 9. HP: 33/62 MP: 9/9
  6131 | D:6      | Found a runed translucent door.
  6132 | D:6      | Noticed Crazy Yiuf
  6489 | D:6      | Killed Crazy Yiuf
  6787 | D:7      | Found a staircase to the Ecumenical Temple.
  7580 | D:8      | HP: 3/64 [ice beast (5)]
  7580 | D:8      | Mangled by a yak

Illustrated notes

Levels and vault maps discovered:
D:1:      erik_arrival_blinker_ship, layout_basic,
          shapermc_ecumenical_altar_venn, minmay_shallow_snake_nest
D:2:      layout_rooms, basic_altar
D:3:      layout_basic
D:4:      layout_cave_pods, kennysheep_opposing_triangles
D:5:      layout_gridville, gammafunk_ghost_cemetery
D:6:      kennysheep_spiral_hall, layout_cave_pools, uniq_crazy_yiuf_cottage
D:7:      layout_loops_ring, temple_hall
D:8:      layout_basic, zin_academy, grunt_decor_mini_mirrors, uniq_pikel

Skill      XL: |  1  2  3  4  5  6  7  8  9 |
---------------+----------------------------+-----
Axes           | 3 4 5 6 |  6.7
Fighting       | 4 5 6 7 |  7.0
Dodging        | 4 5 6 7 |  7.0
Shields        | 4 5 6 7 |  7.0

Action                     |  1- 3 |  4- 6 |  7- 9 || total
---------------------------+-------+-------+-------++-------
  Melee: War axe           |    70 |    98 |   125 ||   293
         Constrict         |    20 |    29 |    42 ||    91
         Tentacles         |    12 |    20 |    52 ||    84
         Punch             |       |     1 |     4 ||     5
         Hand axe          |       |       |    38 ||    38
  Throw: Throwing net      |       |       |     1 ||     1
  Evoke: Wand              |       |       |     1 ||     1
    Use: Potion            |       |       |     2 ||     2
         Scroll            |       |       |     8 ||     8
   Stab: Sleeping          |     3 |     6 |     5 ||    14
         Betrayed ally     |       |       |     1 ||     1
 Armour: Skin              |     7 |     9 |     7 ||    23
  Dodge: Dodged            |    47 |    54 |   175 ||   276
  Block: Buckler           |    20 |    19 |    89 ||   128

Table legend: (Time is in decaauts)
 A = Elapsed time spent in this place.
 B = Non-inter-level travel time spent in this place.
 C = Inter-level travel time spent in this place.
 D = Time resting spent in this place.
 E = Time spent auto-exploring this place.
 F = Levels seen in this place.
 G = Mean time per level.
                   A        B        C        D        E       F      G
               +--------+--------+--------+--------+--------+-----+--------+
         Total |   7686 |   7558 |    128 |   1473 |   4967 |   8 |  960.8 |
       Dungeon |   7686 |   7558 |    128 |   1473 |   4967 |   8 |  960.8 |
               +--------+--------+--------+--------+--------+-----+--------+

Top non-repeatable levels by time:
     D:5: 2238 daAuts
     D:6: 1173 daAuts
     D:3: 942 daAuts
     D:4: 886 daAuts
     D:7: 880 daAuts
     D:1: 804 daAuts
     D:2: 570 daAuts
     D:8: 190 daAuts
